Map: Empire éternel EC

Players

ShaDoWn

  • Race: Protoss Protoss
  • Spawn Location: 1:00

Creator - Winner!

  • Race: Protoss Protoss
  • Spawn Location: 7:00

Event: IEM Katowice 2020

VOD

Have the link to the VOD?

Description

Time

  • Played on: Feb. 24, 2020, 4:28 a.m.
  • Length: 16:07

All games in this series

Show
View Real Time Build Order
Export as new Build Order

ShaDoWn Protoss 

Build Orders: Oracle Opening, Archon Immortal 

Get SALT Encoding   

  12  0:00  Probe  
  13  0:13  Probe  
  14  0:17  Pylon  
  14  0:25  Probe  
  15  0:37  Probe (Chrono Boost), Gateway  
  16  0:47  Probe (Chrono Boost), Assimilator  
  17  0:52  Probe (Chrono Boost)  
  17  0:55  Assimilator  
  18  1:03  Probe (Chrono Boost)  
  19  1:08  Gateway  
  19  1:13  Probe (Chrono Boost)  
  20  1:18  Probe (Chrono Boost)  
  20  1:25  Cybernetics Core  
  21  1:29  Probe  
  22  1:35  Pylon  
  22  1:43  Pylon  
  22  1:45  Probe  
  24  2:01  Stalker x2  
  24  2:03  Warp Gate  
  24  2:06  Probe  
  28  2:18  Pylon  
  28  2:32  Stargate  
  28  2:43  Stalker x2  
  32  2:49  Probe  
  33  3:13  Oracle (Chrono Boost)  
  36  3:22  Nexus  
  36  3:29  Pylon  
  36  3:41  Probe  
  37  3:47  Oracle (Chrono Boost)  
  40  3:55  Probe  
  36  4:04  Robotics Facility  
  36  4:06  Adept x2  
  36  4:07  Probe  
  41  4:19  Probe  
  42  4:31  Probe  
  42  4:35  Probe (Chrono Boost)  
  42  4:43  Sentry  
  42  4:44  Probe (Chrono Boost)  
  45  4:47  Probe (Chrono Boost), Forge  
  51  4:53  Probe (Chrono Boost), Immortal  
  51  4:54  Probe (Chrono Boost)  
  51  4:58  Probe (Chrono Boost)  
  52  5:01  Pylon  
  52  5:02  Probe  
  54  5:18  Assimilator  
  54  5:19  Probe x2, Assimilator  
  56  5:22  Stalker  
  58  5:29  Stalker  
  58  5:31  Probe  
  61  5:38  Pylon  
  59  5:45  Pylon  
  59  5:47  Shield Battery  
  52  5:50  Probe, Pylon  
  52  5:56  Probe, Immortal (Chrono Boost)  
  58  6:02  Probe  
  58  6:03  Protoss Ground Weapons Level 1 (Chrono Boost)  
  59  6:05  Sentry  
  59  6:06  Zealot  
  59  6:09  Shield Battery  
  59  6:10  Probe  
  64  6:16  Probe  
  64  6:23  Probe  
  65  6:28  Probe  
  65  6:29  Twilight Council  
  65  6:30  Warp Prism (Chrono Boost)  
  68  6:35  Probe  
  68  6:39  Pylon  
  69  6:40  Probe  
  69  6:44  Pylon  
  70  6:47  Probe  
  71  6:56  Pylon  
  71  7:02  Gateway x2  
  71  7:03  Observer  
  72  7:18  Charge  
  72  7:21  Templar Archives  
  72  7:27  Gateway  
  72  7:29  Gateway  
  72  7:30  Gateway  
  72  7:31  Nexus  
  72  7:34  Pylon  
  72  7:48  Zealot x2  
  76  7:53  Gateway  
  66  7:59  High Templar x2  
  66  8:00  Protoss Ground Weapons Level 2 (Chrono Boost)  
  66  8:03  Archon, Immortal (Chrono Boost), Observer  
  74  8:16  High Templar x2  
  78  8:22  Pylon  
  78  8:31  Archon  
  78  8:32  Zealot x5  
  88  8:41  Immortal  
  88  8:44  Probe  
  88  8:47  Observer  
  93  8:52  Shield Battery x2  
  93  8:55  Probe  
  93  8:58  High Templar x2, Zealot  
  100  9:06  Archon  
  100  9:12  Probe x3  
  103  9:23  High Templar x2  
  103  9:24  Probe x3, Zealot x3  
  115  9:29  Archon  
  115  9:30  Pylon  
  116  9:36  Probe x2  
  119  9:39  Pylon, Assimilator  
  119  9:40  Assimilator  
  118  9:48  Pylon  
  116  9:58  Robotics Bay  
  116  9:59  Protoss Ground Weapons Level 3 (Chrono Boost)  
  116  10:05  Photon Cannon  
  116  10:07  Photon Cannon  
  114  10:22  Robotics Facility  
  114  10:28  Warp Prism (Chrono Boost)  
  116  10:40  Nexus  
  116  10:42  Pylon  
  116  10:59  Unknown  
  116  11:03  Disruptor (Chrono Boost)  
  119  11:05  Disruptor (Chrono Boost)  
  122  11:11  High Templar  
  122  11:12  High Templar, Zealot x6  
  122  11:15  Photon Cannon  
  122  11:16  Gateway  
  122  11:17  Gateway  
  122  11:18  Shield Battery  
  138  11:22  Probe x2  
  138  11:23  Probe, Shield Battery  
  141  11:28  Archon  
  141  11:29  Photon Cannon  
  141  11:30  Shield Battery, Disruptor (Chrono Boost)  
  144  11:36  Probe  
  144  11:39  Probe x2  
  147  11:44  Zealot x3  
  147  11:45  Disruptor (Chrono Boost)  
  154  12:01  Pylon  
  154  12:03  Photon Cannon, Observer (Chrono Boost)  
  154  12:07  Photon Cannon  
  155  12:10  High Templar x3  
  155  12:11  High Templar  
  155  12:12  Photon Cannon  
  155  12:13  Disruptor (Chrono Boost)  
  164  12:15  Archon  
  164  12:16  Archon  
  164  12:23  High Templar x2  
  164  12:24  Zealot x3  
  175  12:33  Disruptor (Chrono Boost)  
  175  12:37  Archon  
  175  12:40  Observer  
  175  12:43  High Templar x2  
  175  12:44  Zealot x5  
  184  12:47  Pylon  
  184  12:49  Archon  
  188  13:01  Pylon  
  188  13:03  Pylon  
  188  13:04  Pylon  
  188  13:13  Stargate  
  188  13:20  Observer  
  188  13:27  Warp Prism  
  188  13:33  Zealot x5  
  182  13:36  Disruptor  
  182  13:40  Zealot x5  
  169  13:57  Observer  
  169  14:01  Zealot x5  
  175  14:09  Disruptor (Chrono Boost)  
  155  14:11  Disruptor (Chrono Boost)  
  127  14:30  High Templar x7  
  127  14:31  High Templar x2  
  143  14:32  Zealot  
  143  14:37  Archon, Disruptor (Chrono Boost)  
  143  14:38  Archon x3  
  145  14:45  Disruptor (Chrono Boost)  
  151  14:50  Oracle  
  134  15:01  High Templar  
  134  15:03  Zealot x6  
  134  15:05  Disruptor (Chrono Boost)  
  146  15:16  Zealot x3  
  146  15:21  Disruptor (Chrono Boost)  
  152  15:28  High Templar x2  
  152  15:29  Zealot x4  
  152  15:35  Archon  
  164  15:38  Disruptor (Chrono Boost)  
  164  15:39  Zealot x4  
  169  15:53  Zealot x4  
  151  15:59  Zealot x2  
  151  16:00  Zealot  
Show
View Real Time Build Order
Export as new Build Order

Creator Protoss - Winner!

Build Orders:  

Get SALT Encoding   

  12  0:00  Probe  
  13  0:12  Probe  
  14  0:17  Pylon  
  14  0:24  Probe (Chrono Boost)  
  15  0:36  Probe (Chrono Boost)  
  15  0:37  Gateway  
  16  0:44  Probe (Chrono Boost)  
  16  0:45  Assimilator  
  17  0:51  Probe  
  17  0:53  Assimilator  
  18  1:03  Probe (Chrono Boost)  
  19  1:07  Gateway  
  19  1:12  Probe (Chrono Boost)  
  19  1:17  Probe (Chrono Boost)  
  20  1:24  Cybernetics Core  
  21  1:29  Probe  
  22  1:35  Pylon  
  22  1:41  Probe  
  23  1:53  Probe  
  24  2:00  Warp Gate (Chrono Boost)  
  24  2:01  Adept x2  
  28  2:05  Probe  
  29  2:15  Pylon  
  29  2:23  Pylon  
  29  2:31  Sentry  
  29  2:33  Sentry  
  33  2:42  Nexus  
  33  2:45  Probe  
  34  2:57  Stalker  
  36  3:01  Stalker  
  38  3:09  Shield Battery  
  38  3:16  Pylon  
  38  3:27  Gateway  
  38  3:28  Probe  
  39  3:38  Pylon  
  39  3:42  Stalker  
  39  3:43  Sentry  
  39  3:45  Probe  
  39  4:01  Probe  
  39  4:02  Probe  
  38  4:08  Stalker  
  40  4:10  Stalker  
  40  4:14  Probe  
  43  4:17  Probe  
  40  4:39  Shield Battery  
  40  4:40  Probe, Stalker x2  
  45  4:46  Stalker  
  49  4:52  Probe x2  
  49  5:07  Stalker x2  
  49  5:11  Stalker  
  55  5:15  Probe x2 (Chrono Boost)  
  57  5:25  Probe x2 (Chrono Boost)  
  59  5:31  Stalker  
  60  5:39  Probe (Chrono Boost)  
  60  5:44  Probe (Chrono Boost)  
  60  5:48  Adept x2  
  64  5:52  Probe (Chrono Boost)  
  64  5:53  Probe (Chrono Boost)  
  66  6:01  Forge  
  66  6:06  Phoenix  
  66  6:08  Probe x2 (Chrono Boost)  
  68  6:14  Robotics Facility  
  66  6:20  Probe x2 (Chrono Boost)  
  66  6:26  Assimilator x2  
  66  6:27  Probe x2 (Chrono Boost)  
  66  6:28  Pylon  
  66  6:29  Sentry  
  66  6:30  Protoss Ground Weapons Level 1 (Chrono Boost)  
  70  6:37  Pylon  
  70  6:44  Twilight Council  
  70  6:46  Probe x2  
  72  6:52  Gateway x2  
  72  7:02  Observer (Chrono Boost)  
  73  7:16  Gateway x2  
  73  7:17  Gateway  
  73  7:21  Immortal (Chrono Boost)  
  77  7:23  Charge  
  77  7:26  Templar Archives  
  77  7:31  Zealot x2  
  77  7:33  Zealot  
  83  7:44  Phoenix  
  83  7:52  Pylon  
  83  7:54  Pylon  
  83  8:06  Nexus  
  83  8:10  Immortal  
  87  8:13  Pylon  
  87  8:14  Probe x2  
  89  8:20  Protoss Ground Weapons Level 2 (Chrono Boost)  
  89  8:21  Pylon  
  89  8:29  Probe x2  
  91  8:39  High Templar x4  
  100  8:41  Probe x2  
  100  8:43  Archon  
  100  8:44  Archon, Pylon  
  101  8:50  Warp Prism  
  103  9:03  Probe x2, Gateway  
  103  9:04  High Templar x2  
  103  9:08  Archon  
  103  9:09  Photon Cannon  
  109  9:19  Probe x3  
  112  9:24  High Templar  
  112  9:31  Probe x3  
  116  9:33  Assimilator x2  
  117  9:38  High Templar  
  117  9:39  Zealot x3  
  117  9:45  Immortal  
  127  9:48  Archon  
  127  9:58  Dark Shrine  
  127  10:00  Pylon  
  127  10:02  Pylon  
  127  10:04  Pylon  
  127  10:06  Shield Battery  
  127  10:12  Nexus  
  127  10:14  Pylon  
  127  10:15  Protoss Ground Weapons Level 3 (Chrono Boost)  
  127  10:25  Probe x3  
  130  10:31  Robotics Bay  
  130  10:33  Robotics Facility  
  130  10:37  Probe x3  
  130  10:40  Photon Cannon  
  133  10:46  High Templar x2  
  133  10:47  Photon Cannon  
  133  10:49  Probe x3  
  140  10:51  Archon  
  140  11:00  Blink  
  140  11:05  Zealot x2  
  140  11:10  Shield Battery  
  144  11:12  Shield Battery  
  144  11:13  Dark Templar x3  
  144  11:14  Zealot  
  152  11:20  Disruptor (Chrono Boost)  
  153  11:28  Photon Cannon  
  151  11:35  Disruptor (Chrono Boost)  
  151  11:38  Zealot x4  
  152  11:50  Assimilator  
  152  11:51  Assimilator  
  156  11:55  Archon  
  156  11:56  Colossus (Chrono Boost)  
  156  11:57  Stargate  
  156  12:00  Probe x4  
  160  12:05  Stargate  
  160  12:11  Colossus (Chrono Boost)  
  166  12:22  Photon Cannon  
  164  12:28  Colossus  
  164  12:35  Extended Thermal Lance (Chrono Boost)  
  164  12:41  Phoenix (Chrono Boost)  
  164  12:43  Pylon  
  172  12:45  Pylon  
  172  12:47  Pylon  
  172  12:50  Pylon  
  174  12:55  Phoenix (Chrono Boost)  
  172  13:00  Colossus  
  172  13:02  Phoenix (Chrono Boost)  
  172  13:05  Shield Battery  
  178  13:14  Phoenix  
  178  13:19  Observer  
  179  13:23  Phoenix  
  187  13:27  High Templar x2, Zealot  
  187  13:31  Archon  
  184  13:42  Dark Templar x2  
  184  13:46  Dark Templar  
  184  13:47  Dark Templar  
  184  13:48  Zealot x4  
  138  14:10  Zealot x6  
  138  14:13  Phoenix  
  138  14:14  Phoenix  
  148  14:24  High Templar x2, Zealot  
  148  14:29  Pylon  
  148  14:30  Probe x2  
  148  14:31  Probe x2  
  158  14:33  Pylon  
  158  14:35  Archon  
  158  14:36  Dark Templar x2  
  158  14:38  Zealot x4  
  170  14:42  Archon  
  170  14:44  Phoenix x2  
  174  14:51  Observer (Chrono Boost)  
  169  14:56  Dark Templar  
  171  15:04  Dark Templar  
  171  15:05  Zealot x5  
  171  15:06  Warp Prism (Chrono Boost)  
  175  15:19  Zealot  
  175  15:20  Zealot  
  179  15:23  Gateway x2  
  179  15:29  Dark Templar x4, Zealot x2  
  191  15:39  Observer  
  191  15:48  Archon x2  
  191  15:49  Pylon  
  191  15:51  Dark Templar x3  
  191  15:55  Zealot x2  
  183  16:02  Zealot x4  

Tags
 
Add a new tag
Caveats
  • Supply blocks, unpowered buildings, or Contaminate may cause inaccurate times.
  • Supply counts are checked every 10 seconds.